 Dungeon Crawl Stone Soup version 0.28-a0-1190-g77e1c55843 (webtiles) character file.

Game seed: 18309932514680840812

300 kae the Gusty (level 6, -20/32 HPs)
             Began as a Tengu Air Elementalist on Dec 18, 2021.
             Demolished by Menkaure (24 damage)
             ... in an ossuary.
             The game lasted 00:09:20 (4691 turns).

kae the Gusty (Tengu Air Elementalist)              Turns: 4691, Time: 00:09:21

Health: -20/32     AC:  3    Str:  8    XL:     6   Next: 36%
Magic:  4/11       EV: 14    Int: 17    God:
Gold:   122        SH:  0    Dex: 15    Spells: 0/11 levels left

rFire   . . .      SeeInvis .   n - staff of conjuration
rCold   . . .      Faith    .   (no shield)
rNeg    . . .      Spirit   .   a - +0 robe
rPois   .          Reflect  .   (helmet restricted)
rElec   .          Harm     .   h - +0 cloak
rCorr   .          Rampage  .   (no gloves)
Will    .....                   (boots unavailable)
Stlth   ++........              (no amulet)
HPRegen 0.10/turn               (no ring)
MPRegen 0.12/turn               (no ring)

@: flying quickly and evasively, quick
A: beak, talons 3, nimble flight
a: no special abilities


You were in an ossuary.
You visited 1 branch of the dungeon, and saw 6 of its levels.
You also visited: Ossuary.

You collected 122 gold pieces.

Inventory:

Hand Weapons
 d - a +0 dagger
Missiles
 e - a throwing net
Armour
 a - a +0 robe (worn)
 h - a +0 cloak (worn)
Magical Staves
 n - a staff of conjuration (weapon)
Potions
 b - a potion of ambrosia
 c - a potion of haste
 g - 2 potions of magic
 l - a potion of attraction {unknown}
 m - a potion of flight {unknown}


   Skills:
 + Level 1.9 Staves
 - Level 2.1 Dodging
 - Level 2.0 Stealth
 + Level 3.2 Spellcasting
 + Level 4.0 Conjurations
 * Level 6.8 Air Magic


You couldn't memorise any spells.
You knew the following spells:

 Your Spells              Type           Power      Damage    Failure   Level
a - Shock                 Conj/Air       100%       1d9       1%          1
b - Static Discharge      Conj/Air       31%        N/A       2%          2
c - Airstrike             Air            12%        N/A       11%         4
d - Sandblast             Erth           4%         2d4       17%         1
e - Swiftness             Air            25%        N/A       3%          3

Your spell library contained the following spells:

 Spells                   Type           Power      Damage    Failure   Level
 Stone Arrow              Conj/Erth      28%        3d8       22%         3
 Passwall                 Tmut/Erth      1%         N/A       26%         2


Dungeon Overview and Level Annotations

Branches:
Dungeon (6/15)            Ossuary (1/1)
 Temple: D:4-7

Altars:

Annotations:
D:5 1 transporter, exclusions: hound and 2 ogres
D:6 exclusion: wight Ossuary Menkaure


Innate Abilities, Weirdness & Mutations

You have a beak for a mouth.
You have claws for feet.
Your magical nature lets you fly swiftly and evasively.


Message History

Casting: Shock (safe; 1% risk of failure)
Confirm with . or Enter, or press ? or * to list all spells.
Aiming: Shock (safe; 1% risk of failure)
Press: ? - help, Shift-Dir - straight line, f/p - Menkaure
Aim: Menkaure (heavily damaged, fast, 88% to hit)
You feel a surge of power!
The zap hits Menkaure.
Menkaure is severely damaged.
Menkaure calls on the powers of darkness!
Your body is wracked with pain!
* * * LOW HITPOINT WARNING * * *
Okay, then.
Casting: Shock (safe; 1% risk of failure)
Confirm with . or Enter, or press ? or * to list all spells.
Aiming: Shock (safe; 1% risk of failure)
Press: ? - help, Shift-Dir - straight line, f/p - Menkaure
Aim: Menkaure (severely damaged, fast, 88% to hit)
You feel a surge of power!
The zap hits Menkaure.
Menkaure is severely damaged.
Menkaure calls on the powers of darkness!
Your body is wracked with pain!
* * * LOW HITPOINT WARNING * * *
Casting: Shock (safe; 1% risk of failure)
Confirm with . or Enter, or press ? or * to list all spells.
Aiming: Shock (safe; 1% risk of failure)
Press: ? - help, Shift-Dir - straight line, f/p - Menkaure
Aim: Menkaure (severely damaged, fast, 88% to hit)
You feel a surge of power!
The zap hits Menkaure.
Menkaure is almost destroyed.
Menkaure barely misses you.
Casting: Shock (safe; 1% risk of failure)
Confirm with . or Enter, or press ? or * to list all spells.
Aiming: Shock (safe; 1% risk of failure)
Press: ? - help, Shift-Dir - straight line, f/p - Menkaure
Aim: Menkaure (almost destroyed, fast, 88% to hit)
You feel a surge of power!
The zap hits Menkaure but does no damage.
Menkaure is almost destroyed.
Menkaure hits you!!
Ouch! That really hurt!
You die...

##..##..######..##..##
##..##..##^...##..##..##
##..##..##..##..##..##..##
#..##..##..####..##..##..##
..##..##..##!?##..##..##..##
.##..##..##.???##..##..##..##
##..##..##!.?!.?##..##..##..##
#..##..##...∩∩?..##..##..##..##
..##..## ...?..M@.##..##..##..##
.##..## ...?!.....##^.##..##..##
##..##############''##..##..##..#
#....................##..##..##..
########################..##..##.
...........................##..##
##############################..#
.................................
#################################


You could see Menkaure (fast).

Vanquished Creatures
  A water moccasin skeleton (D:5)
  An iguana (D:5)
  2 orc wizards (D:5)
  A hound skeleton (D:5)
  3 mummies (Ossuary)
  3 adders (D:2)
  3 worms
  A dart slug (D:2)
  3 orcs
  2 ball pythons (D:2)
  6 endoplasms
  2 giant cockroaches (D:2)
  5 goblins
  2 hobgoblins
  2 quokkas (D:1)
  7 bats
  6 frilled lizards
  5 gnoll skeletons (Ossuary)
  4 gnoll zombies (Ossuary)
  3 goblin skeletons (Ossuary)
  5 goblin zombies (Ossuary)
  4 hobgoblin skeletons (Ossuary)
  3 hobgoblin zombies (Ossuary)
  5 kobolds
  3 kobold skeletons (Ossuary)
  A kobold zombie (Ossuary)
  4 orc skeletons (Ossuary)
  8 orc zombies (Ossuary)
  2 rats
  6 rat skeletons (Ossuary)
  4 rat zombies (Ossuary)
107 creatures vanquished.

Notes
Turn   | Place    | Note
-------+----------+-------------------------------------------
     0 | D:1      | kae the Tengu Air Elementalist began the quest for the Orb.
     0 | D:1      | Reached XP level 1. HP: 10/10 MP: 4/4
   282 | D:1      | Reached XP level 2. HP: 3/15 MP: 0/6
  1213 | D:2      | Learned a level 2 spell: Static Discharge
  1306 | D:2      | Reached XP level 3. HP: 19/19 MP: 0/7
  1308 | D:2      | Reached skill level 5 in Air Magic
  1889 | D:2      | Reached XP level 4. HP: 24/24 MP: 6/8
  2350 | D:3      | Noticed an ice beast
  2650 | D:3      | Learned a level 4 spell: Airstrike
  2652 | D:3      | Learned a level 1 spell: Sandblast
  2847 | D:3      | You fall into a shaft and drop 3 floors!
  2887 | D:6      | Noticed an ogre
  2896 | D:5      | Entered Level 5 of the Dungeon
  2896 | D:5      | Noticed an ogre
  2999 | D:5      | Gained mutation: Your magical nature lets you fly swiftly
                  | and evasively. [Tengu growth]
  2999 | D:5      | Reached XP level 5. HP: 28/28 MP: 2/10
  3081 | D:5      | Reached skill level 1 in Staves
  3081 | D:5      | Reached skill level 6 in Air Magic
  3275 | D:5      | Found a transporter.
  3284 | D:5      | Noticed an ogre
  3452 | D:5      | Reached XP level 6. HP: 19/32 MP: 2/11
  3669 | D:4      | Found a sand-covered staircase.
  3683 | Ossuary  | Entered an ossuary
  4292 | Ossuary  | Learned a level 3 spell: Swiftness
  4681 | Ossuary  | Noticed Menkaure
  4691 | Ossuary  | Demolished by Menkaure

Illustrated notes

Levels and vault maps discovered:
D:1:      dpeg_arrival_pits, layout_basic
D:2:      layout_basic
D:3:      layout_rooms, minmay_door_square
D:4:      layout_basic, lightli_ossuary_entry_decrepit_ruins,
          kennysheep_another_room, roderic_roman_lattice
D:5:      layout_basic, serial_shops, nicolae_shop_statue_plus,
          gammafunk_ghost_mausoleum, chequers_serial_rivers_small_b
D:6:      layout_rooms, temple_pool_b, serial_shops, kennysheep_little_box
Ossuary:  ossuary_due_pyramid

Skill      XL: |  1  2  3  4  5  6 |
---------------+-------------------+-----
Conjurations   | 2 3 4 |  4.0
Air Magic      | 5 6 |  6.8
Staves         | 1 |  1.9
Spellcasting   | 3 |  3.2
Dodging        | |  2.1
Stealth        | |  2.0

Action                   |  1- 3 |  4- 6 || total
-------------------------+-------+-------++-------
Melee: Dagger            |    13 |       ||    13
       Unarmed           |     2 |       ||     2
       Kick              |     3 |    33 ||    36
       Peck              |     1 |    19 ||    20
       Staff             |       |   106 ||   106
 Cast: Shock             |    65 |   137 ||   202
  Use: Scroll            |       |     7 ||     7
 Stab: Sleeping          |     1 |       ||     1
Armor: Robe              |     8 |    15 ||    23
Dodge: Dodged            |    14 |    65 ||    79

Table legend: (Time is in decaauts)
 A = Elapsed time spent in this place.
 B = Non-inter-level travel time spent in this place.
 C = Inter-level travel time spent in this place.
 D = Time resting spent in this place.
 E = Time spent auto-exploring this place.
 F = Levels seen in this place.
 G = Mean time per level.
                   A        B        C        D        E       F      G
               +--------+--------+--------+--------+--------+-----+--------+
         Total |   4644 |   4404 |    240 |    591 |   3024 |   7 |  663.4 |
       Dungeon |   3654 |   3414 |    240 |    355 |   2571 |   6 |  609.0 |
       Ossuary |    989 |    989 |      0 |    236 |    453 |   1 |  989.0 |
               +--------+--------+--------+--------+--------+-----+--------+

Top non-repeatable levels by time:
     D:2: 1327 daAuts
     D:1: 1208 daAuts
 Ossuary: 989 daAuts
     D:5: 699 daAuts
     D:3: 313 daAuts
     D:4: 57 daAuts
     D:6: 48 daAuts
